 Dungeon Crawl Stone Soup version 0.30-a0-870-gc5d4c5acee (webtiles) character file.

Game seed: 3431618490308636552

544 LobsterGuardian the Cleaver (level 7, -5/61 HPs)
             Began as a Hill Orc Monk on Mar 11, 2023.
             Was a Believer of Beogh.
             Slain by Duvessa
             ... wielding a +0 short sword
              (8 damage)
             ... on level 4 of the Dungeon.
             The game lasted 00:09:43 (3762 turns).

LobsterGuardian the Cleaver (Hill Orc Monk)         Turns: 3762, Time: 00:09:43

Health: -5/61      AC: 10    Str: 17 (18) XL:     7   Next: 27%
Magic:  8/8        EV: 10    Int: 12 (15) God:    Beogh [**....]
Gold:   197        SH:  3    Dex: 12 (14) Spells: 6/6 levels left

rFire   . . .      SeeInvis .    a - +0 hand axe
rCold   . . .      Faith    .    e - +0 buckler
rNeg    . . .      Spirit   .    q - +1 scale mail {rPois}
rPois   +          Reflect  .    (no helmet)
rElec   .          Rampage  .    (no cloak)
rCorr   .                        m - +2 pair of gloves
Will    +....                    (no boots) Stlth
                                 j - amulet of magic regeneration
HPRegen 0.00/turn                f - ring of willpower
MPRegen 0.51/turn                r - +6 ring of intelligence

@: inhibited regen, unable to read
A: inhibited regeneration, strong 1, inability to read after injury 1
a: Renounce Religion, Smiting


You were on level 4 of the Dungeon.
You worshipped Beogh.
Beogh was pleased with you.
You visited 1 branch of the dungeon, and saw 4 of its levels.

You collected 197 gold pieces.

Inventory:

Hand Weapons
 a - a +0 hand axe (weapon)
Armour
 b - a +0 robe
 e - a +0 buckler (worn)
 m - a +2 pair of gloves (worn)
 q - a +1 scale mail of poison resistance (worn)
Jewellery
 f - a ring of willpower (left hand)
 j - an amulet of magic regeneration (around neck)
 r - a +6 ring of intelligence (right hand)
Scrolls
 c - a scroll of identify
 d - a scroll of poison {unknown}
 g - a scroll of teleportation
 h - a scroll of silence {unknown}
 i - a scroll of butterflies {unknown}
 k - a scroll of blinking {unknown}
 l - a scroll of immolation {unknown}
 t - a scroll of fog {unknown}


   Skills:
 + Level 5.1 Fighting
 * Level 8.2 Axes
 + Level 2.1 Armour
 + Level 3.3 Dodging
 - Level 1.5 Stealth
 * Level 2.3 Invocations


You had 6 spell levels left.
You didn't know any spells.
Your spell library contained the following spells:

 Spells                   Type           Power      Damage    Failure   Level
 Freeze                   Ice            0%         1d3       83%         1
 Slow                     Hex            0%         N/A       83%         1
 Confusing Touch          Hex            0%         N/A       99%         3
 Frozen Ramparts          Ice            0%         1d1       99%         3
 Hailstorm                Conj/Ice       0%         3d3       99%         3
 Ozocubu's Armour         Ice            0%         N/A       99%         3
 Vampiric Draining        Necr           0%         2d6       99%         3
 Ozocubu's Refrigeration  Ice            0%         4d7       100%        7


Dungeon Overview and Level Annotations

Branches:
Dungeon (4/15)             Temple (0/1) D:4

Altars:
The Shining One

Annotations:
D:4 Duvessa


Innate Abilities, Weirdness & Mutations

You do not regenerate when monsters are visible.
Your muscles are strong. (Str +4, Int/Dex -1)
You occasionally lose the ability to read scrolls when taking damage.


Message History

You closely miss the orc. You hit the goblin.
You kill the goblin!
Beogh accepts your kill.
You hit the orc. Duvessa hits you but does no damage.
The orc hits you but does no damage. The orc barely misses you.
You closely miss Duvessa.
Duvessa is lightly wounded.
You closely miss the orc. You hit the orc but do no damage.
You hit the hobgoblin but do no damage. Duvessa hits you but does no damage.
The orc barely misses you. The orc closely misses you.
The hobgoblin barely misses you. Duvessa hits you with a +0 short sword.
You hit Duvessa but do no damage.
Duvessa is lightly wounded.
You hit the hobgoblin but do no damage. You hit the orc but do no damage. x2
Duvessa hits you with a +0 short sword. The orc closely misses you.
The orc barely misses you. The hobgoblin closely misses you.
Unknown command.
You hit Duvessa but do no damage.
Duvessa is lightly wounded.
You hit the orc but do no damage. You hit the hobgoblin.
You hit the orc but do no damage. Duvessa closely misses you.
The orc hits you but does no damage. x2; The hobgoblin barely misses you.
Duvessa hits you with a +0 short sword!
You feel threatened and lose the ability to read scrolls!
* * * LOW HITPOINT WARNING * * *
You hit Duvessa.
Duvessa is lightly wounded.
You hit the hobgoblin.
You kill the hobgoblin!
Beogh accepts your kill.
You hit the orc.
You kill the orc!
Beogh accepts your kill.
You barely miss the orc. Duvessa hits you with a +0 short sword!
* * * LOW HITPOINT WARNING * * *
The orc hits you but does no damage.
You hit Duvessa.
Duvessa is moderately wounded.
You hit the orc but do no damage. Duvessa hits you with a +0 short sword!
You die...

.>..# #..#..)..................
#.###.###..)..)..######..##...###
..#_##....#######.# ##......## #
.>#'####.## #.####.####.## ..
#...# #..## #..#..## #... ..
##.## ##...### ##...## ##....#
#..###..#...### #..## ..##.
#..##..####...##e..# .. ..
##.##....####..@)..# .#
#..............o)......
.......................♣
................##...♣P♣
.####...........##...♣ . #
#......#....# ..... #.###.......#
....# #.# ###...... ...## .## ...


You could see Duvessa (berserk) and an orc.

Vanquished Creatures
  A kobold brigand (D:4)
  A scorpion (D:4)
  Dowan (D:4)
  3 orc priests (D:4)
  Natasha (D:4)
  An orc wizard (D:3)
  3 gnolls (D:4)
  10 adders
  2 dart slugs
  13 orcs
  4 ball pythons
  2 bats
  7 endoplasms
  3 giant cockroaches
  12 goblins
  11 hobgoblins
  A quokka (D:4)
  3 frilled lizards (D:3)
  14 kobolds
  9 rats
102 creatures vanquished.

Vanquished Creatures (others)
  A kobold (D:3)
  4 plants (D:4)
5 creatures vanquished.

Grand Total: 107 creatures vanquished

Notes
Turn   | Place    | Note
-------+----------+-------------------------------------------
     0 | D:1      | LobsterGuardian the Hill Orc Monk began the quest for the
                  | Orb.
     0 | D:1      | Reached XP level 1. HP: 19/19 MP: 1/1
   236 | D:1      | Found a faded altar of an unknown god.
   597 | D:1      | Reached XP level 2. HP: 27/27 MP: 2/2
   785 | D:2      | Reached skill level 5 in Axes
   785 | D:2      | Reached XP level 3. HP: 16/33 MP: 3/3
  1606 | D:3      | Reached XP level 4. HP: 35/40 MP: 4/4
  2002 | D:3      | Reached skill level 6 in Axes
  2100 | D:3      | Reached XP level 5. HP: 37/46 MP: 5/5
  2438 | D:3      | Became a worshipper of Beogh the Brigand
  2438 | D:3      | Reached * piety under Beogh
  2438 | D:3      | Reached ** piety under Beogh
  2598 | D:4      | Reached skill level 1 in Armour
  2908 | D:4      | Noticed Dowan
  2910 | D:4      | Noticed Duvessa
  2925 | D:4      | Reached skill level 7 in Axes
  2925 | D:4      | Reached skill level 1 in Invocations
  2925 | D:4      | Reached XP level 6. HP: 55/55 MP: 6/6
  2950 | D:4      | Killed Dowan
  2958 | D:4      | Noticed Natasha
  2968 | D:4      | HP: 2/55 [Natasha (12)]
  2973 | D:4      | Killed Natasha
  3281 | D:4      | Reached skill level 5 in Fighting
  3281 | D:4      | Reached XP level 7. HP: 58/61 MP: 5/8
  3440 | D:4      | Reached skill level 8 in Axes
  3455 | D:4      | Gained mutation: You do not regenerate when monsters are
                  | visible. [potion of mutation]
  3455 | D:4      | Gained mutation: You occasionally lose the ability to read
                  | scrolls when taking damage. [potion of mutation]
  3455 | D:4      | Gained mutation: Your muscles are strong. (Str +4, Int/Dex
                  | -1) [potion of mutation]
  3694 | D:4      | Found a staircase to the Ecumenical Temple.
  3726 | D:4      | Found a glowing golden altar of the Shining One.
  3761 | D:4      | HP: 3/61 [Duvessa/+0 short sword (10)]
  3762 | D:4      | Slain by Duvessa

Illustrated notes

Levels and vault maps discovered:
D:1:      psy_arrival_fountain, layout_basic,
          dreamdust_ecumenical_altar_statues, interstate_on_off
D:2:      layout_loops_ring, solitary_fountain
D:3:      minmay_inner_zag, layout_basic, minmay_crystal_room,
          grunt_ministairs_11
D:4:      corexii_shantytown, layout_layer_cave, kennysheep_mini,
          serial_park_tiny_2, chequers_serial_rivers_large_b,
          nicolae_nh_ransacked_shop, uniq_duvessa, uniq_natasha

Skill      XL: |  1  2  3  4  5  6  7 |
---------------+----------------------+-----
Fighting       | 4 5 |  5.1
Axes           | 5 6 7 8 |  8.2
Dodging        | 3 |  3.3
Armour         | 1 2 |  2.1
Invocations    | 1 2 |  2.3
Stealth        | |  1.5

Action                     |  1- 3 |  4- 6 |  7- 9 || total
---------------------------+-------+-------+-------++-------
  Melee: Hand axe          |   107 |   185 |    81 ||   373
  Throw: Throwing net      |       |     2 |     1 ||     3
 Invoke: Convert to Beogh  |       |     1 |       ||     1
         Smiting           |       |     3 |     1 ||     4
    Use: Scroll            |     2 |     1 |     1 ||     4
         Potion            |       |     8 |     2 ||    10
   Stab: Sleeping          |     8 |     2 |       ||    10
         Held in net/web   |       |     2 |       ||     2
 Armour: Robe              |    19 |    14 |       ||    33
         Scale mail        |       |    61 |    43 ||   104
         Skin              |       |    35 |       ||    35
  Dodge: Dodged            |    49 |    79 |    56 ||   184
  Block: Buckler           |    16 |    28 |    15 ||    59

Table legend: (Time is in decaauts)
 A = Elapsed time spent in this place.
 B = Non-inter-level travel time spent in this place.
 C = Inter-level travel time spent in this place.
 D = Time resting spent in this place.
 E = Time spent auto-exploring this place.
 F = Levels seen in this place.
 G = Mean time per level.
                   A        B        C        D        E       F      G
               +--------+--------+--------+--------+--------+-----+--------+
         Total |   3799 |   3679 |    120 |    131 |   2815 |   4 |  949.8 |
       Dungeon |   3799 |   3679 |    120 |    131 |   2815 |   4 |  949.8 |
               +--------+--------+--------+--------+--------+-----+--------+

Top non-repeatable levels by time:
     D:4: 1228 daAuts
     D:2: 981 daAuts
     D:3: 967 daAuts
     D:1: 621 daAuts
